 Dungeon Crawl Stone Soup version 0.31.0-32-g396128a36d (webtiles) character file.

Game seed: 1672397199004722296

92241 evoluderxx the Brawler (level 14, -2/133 HPs)
             Began as a Troll Monk on Mar 19, 2024.
             Was a High Priest of Jiyva.
             Slain by an eight-headed hydra (7 damage)
             ... on level 2 of the Swamp on Mar 20, 2024.
             The game lasted 01:17:13 (11588 turns).

evoluderxx the Brawler (Troll Monk)                Turns: 11588, Time: 01:17:13

Health: -2/133     AC: 18    Str: 26    XL:     14   Next: 52%
Magic:  13/13      EV: 16    Int:  6    God:    Jiyva [*****.]
Gold:   441        SH:  0    Dex: 12    Spells: 13/13 levels left

rFire   . .          .
                       - Unarmed
rCold   + . .        (no shield)
rNeg    . . .        r - +0 acid dragon scales
rPois   .            (helmet restricted)
rElec   .            g - +0 cloak
rCorr   +            (gloves unavailable)
SInv    .            (boots unavailable)
Will    +....        (no amulet)
Stlth   +++          n - ring of protection from cold
HPRegen 2.66/turn    v - +4 ring of slaying
MPRegen 0.85/turn

%: clarity
@: lethally poisoned (-2 -> -2)
A: large, unfitting armour, claws 3, regeneration 1, shaggy fur 1, tough skin 1,
talons 3, iridescent scales 2, clarity, eyeballs 1, gelatinous body 3, jelly
sensing items, MP-powered wands, sturdy frame 1, engulf
}: 1/15 runes: slimy
a: Renounce Religion, Oozemancy, Slimify


You were on level 2 of the Swamp.
You worshipped Jiyva.
Jiyva was extremely pleased with you.
You visited 4 branches of the dungeon, and saw 19 of its levels.
You also visited: Sewer.

You collected 497 gold pieces.
You spent 56 gold pieces at shops.

Inventory:

Hand Weapons
 u - a +0 giant spiked club
 I - the +9 hand axe of Blood-Lust {chaos, rElec rPois}
   (You found it on level 5 of the Pits of Slime)

   rElec:     It insulates you from electricity.
   rPois:     It protects you from poison
 J - the +1 battleaxe of the Reaper {freeze, rElec rF+ rCorr}
   (You found it on level 5 of the Pits of Slime)

   rF+:       It protects you from fire.
   rElec:     It insulates you from electricity.
   rCorr:     It protects you from acid and corrosion.
 K - the +8 shortbow "Avaliss" {flame, rElec Str-3 Int+4 Stlth+}
   (You found it on level 5 of the Pits of Slime)

   Str-3:     It affects your strength (-3).
   Int+4:     It affects your intelligence (+4).
   rElec:     It insulates you from electricity.
   Stlth+:    It makes you more stealthy.
Armour
 a - +0 steam dragon scales
 c - an orb of light
 g - a +0 cloak (worn)
 p - a +2 robe of cold resistance
 r - +0 acid dragon scales (worn)
Jewellery
 n - a ring of protection from cold (left claw)
 v - a +4 ring of slaying (right claw)
 x - a ring of ice
 H - the ring of Ranujowk {rElec rC++ Will+ AC+4 Dex-5 Stlth-}
   (You found it on level 5 of the Pits of Slime)

   [ring of protection]

   AC+4:      It affects your AC (+4).
   Dex-5:     It affects your dexterity (-5).
   rC++:      It greatly protects you from cold.
   rElec:     It insulates you from electricity.
   Will+:     It increases your willpower.
   Stlth-:    It makes you less stealthy.
Talismans
 A - a serpent talisman
Wands
 l - a wand of quicksilver (9)
 s - a wand of digging (5)
 t - a wand of polymorph (9)
 w - a wand of flame (29)
 C - a wand of roots (7)
 E - a wand of charming (7)
 M - a wand of mindburst (8)
Scrolls
 d - 3 scrolls of revelation
 e - a scroll of torment {unknown}
 f - a scroll of fear {unknown}
 h - a scroll of amnesia {unknown}
 i - a scroll of summoning {unknown}
 k - 2 scrolls of identify
 m - a scroll of teleportation {unknown}
 y - a scroll of poison {unknown}
 z - a scroll of fog {unknown}
 B - 2 scrolls of blinking {unknown}
 D - a scroll of noise {unknown}
 L - a scroll of enchant armour {unknown}
 N - a scroll of brand weapon {unknown}
Potions
 b - a potion of ambrosia
 j - a potion of invisibility
 o - 4 potions of might
 q - a potion of degeneration
 F - a potion of enlightenment {unknown}
 G - a potion of berserk rage {unknown}
 O - a potion of mutation {unknown}


   Skills:
 * Level 7.5 Fighting
 * Level 7.0 Armour
 * Level 10.0 Dodging
 * Level 5.2 Stealth
 * Level 18.5 Unarmed Combat


You had 13 spell levels left.
You didn't know any spells.
Your spell library contained the following spells:

 Spells                   Type           Power      Damage    Failure   Level
 Blink                    Tloc           0%         N/A       61%         2
 Sublimation of Blood     Necr           0%         N/A       61%         2
 Call Canine Familiar     Summ           0%         N/A       83%         3
 Fugue of the Fallen      Necr           0%         N/A       83%         3
 Ozocubu's Armour         Ice            0%         N/A       83%         3
 Sigil of Binding         Hex            0%         N/A       83%         3
 Vampiric Draining        Necr           0%         2d6       83%         3
 Volatile Blastmotes      Fire/Tloc      0%         2d10      83%         3
 Dimensional Bullseye     Hex/Tloc       0%         N/A       99%         4
 Fulminant Prism          Conj/Alch      0%         3d5       99%         4
 Iskenderun's Mystic Bla  Conj/Tloc      0%         2d3       99%         4
 Manifold Assault         Tloc           0%         N/A       99%         4
 Olgreb's Toxic Radiance  Alch           0%         N/A       99%         4


Dungeon Overview and Level Annotations

Branches:
Dungeon (8/15)               Lair (5/5) D:8           Swamp (2/4) Lair:3
  Snake (0/4) Lair:3        Slime (5/5) Lair:5        Sewer (visited)
 Temple: D:4-7

Altars:
Qazlal
Uskayaw
The Shining One
Jiyva

Shops:
D:8 ?

Annotations:
Slime:5 Royal Jelly


Innate Abilities, Weirdness & Mutations

You are too large for most types of armour.
You have claws for hands.
Your natural rate of healing is unusually fast.
You are covered in fur. (AC +1)
You have tough skin. (AC +1)
You have claws for feet.
You are mostly covered in iridescent scales. (AC +4)
You possess an exceptional clarity of mind.
Your body has grown eyes which may confuse attackers. (Acc +3)
Your gelatinous body deflects attacks. (AC +3, EV +3)
You have a small jelly attached to you that senses nearby items.
You expend magic power (3 MP) to strengthen your wands.
Your movements are slightly less encumbered by armour. (ER -2)
Your melee attacks may engulf your foes in ooze.


Message History

The swamp dragon is moderately wounded.
You are engulfed in poison gas.
You are more poisoned.
You feel extremely sick. The swamp dragon bites you!
The swamp dragon claws you. The swamp dragon completely misses you.
You completely miss the swamp dragon. Your kick misses the swamp dragon.
The swamp dragon is moderately wounded.
You are engulfed in poison gas.
You are more poisoned.
You feel extremely sick.
You claw the swamp dragon! You claw the swamp dragon.
You claw the swamp dragon!!
The swamp dragon is severely wounded.
You are engulfed in poison gas.
You are more poisoned.
You feel extremely sick.
The swamp dragon breathes poison at you.
The blast of poison engulfs you.
You are more poisoned.
You mangle the swamp dragon!!
You kill the swamp dragon!
You feel extremely sick.
* * * LOW HITPOINT WARNING * * *
You feel extremely sick.
* * * LOW HITPOINT WARNING * * *
You feel extremely sick.
* * * LOW HITPOINT WARNING * * *
You feel extremely sick.
An eight-headed hydra comes into view.
You feel extremely sick.
You feel very sick.
You feel very sick.
You feel very sick.
You feel very sick.
You feel very sick.
The eight-headed hydra bites you but does no damage. x2
The eight-headed hydra barely misses you.
The eight-headed hydra bites you!
You die...

~~. ∆ .~. ∆ ∆#♣~♣
#..♣♣♣ .#######....♣
♣♣ ♣..
...~.....~~.♣♣~♣♣~..
.~~~~~~..~~.~.....~.
.~~~§§~.~~~.~§~~~~~~
.~~~$.D@.~..~~~~~~~~
.~~~~[.~♣♣..~~~~~...
~~~~...~..♣..~~~~^♣.
~~~~)$.~.♣♣♣<~~~...~
.~~~~........~~~$.~♣
.~~~....~~~...~~.♣♣♣
.~.~......~.♣..~.♣
♣♣~........~ ~..♣♣
......♣.~ ~~~♣


You could see an eight-headed hydra.

Vanquished Creatures
  Mlioglotl (Swamp:1)
  Gastronok (Lair:2)
  An eleionoma (Swamp:1)
  A bunyip (Swamp:1)
  Fannar (Lair:3)
  An alligator (Swamp:1)
  9 hydras
  2 boulder beetles (Lair:1)
  A ghost crab (Swamp:1)
  2 catoblepae (Lair:5)
  A two-headed ogre (D:8)
  8 death yaks
  A deep troll shaman (Lair:5)
  Nergalle (Lair:3)
  Amaemon (Lair:3)
  A skyshark (Lair:2)
  2 spriggans (Swamp:1)
  2 goliath frogs (Swamp:1)
  2 swamp dragons
  2 bog bodies (Swamp:1)
  A lindwurm (Lair:5)
  A will-o-the-wisp (Swamp:1)
  A salamander (Lair:3)
  18 elephants
  11 cane toads
  3 black mambas
  A torpor snail (Lair:5)
  An orange demon (Lair:3)
  9 komodo dragons
  A rime drake (Lair:5)
  2 hornets (Swamp:1)
  2 tyrant leeches (Swamp:1)
  2 polar bears
  20 blink frogs
  10 dream sheep
  18 yaks
  3 wyverns
  4 basilisks
  3 vampire mosquitoes (Swamp:1)
  Grum (Lair:1)
  3 steam dragons (D:8)
  An acid dragon (D:7)
  5 swamp worms
  14 water moccasins
  3 nagas (Lair:3)
  2 orc warriors
  Pargi (Sewer)
  6 black bears
  A sky beast (D:7)
  17 wolves
  2 centaurs (D:6)
  A phantom (D:6)
  2 kobold brigands (D:8)
  19 bullfrogs
  3 scorpions
  A wight (D:8)
  2 killer bees (D:8)
  A howler monkey (D:8)
  4 electric eels
  A hound (D:6)
  2 iguanas (D:6)
  3 orc priests
  9 orc wizards
  2 adders
  3 white imps
  2 ufetubi (D:7)
  4 dart slugs
  18 orcs
  A ball python (D:1)
  2 endoplasms (D:1)
  A giant cockroach (D:1)
  6 goblins
  5 hobgoblins
  5 jackals
  A quokka (D:2)
  A bat (D:1)
  3 frilled lizards
  16 kobolds
  3 rats
329 creatures vanquished.

Vanquished Creatures (collateral kills)
  A two-headed ogre (D:8)
  An efreet (D:8)
  A bullfrog (D:8)
  A killer bee (D:8)
  A gnoll bouda (D:8)
  2 shadow imps (D:8)
7 creatures vanquished.

Vanquished Creatures (others)
  An azure jelly (Lair:5)
  2 death yaks (Lair:5)
  3 elephants
  A black mamba (Lair:5)
  2 dream sheep
  A blink frog (Lair:5)
  2 slime creatures
  A basilisk (Lair:3)
  2 water moccasins
  A sky beast (D:8)
  A wolf (Lair:1)
  A bullfrog (Lair:4)
  A hound (D:7)
  28 jellies
  An orc priest (D:7)
  An iguana (D:6)
  2 sleepcaps (D:7)
  2 orc wizards
  An adder (D:2)
  A dart slug (D:1)
  3 orcs
  A ball python (D:1)
  3 endoplasms
  A giant cockroach (D:1)
  2 quokkas (D:1)
  2 bats
  A frilled lizard (D:1)
  3 kobolds
  A rat (D:1)
  2 foxfires (Swamp:1)
74 creatures vanquished.

Grand Total: 410 creatures vanquished

Notes
Turn   | Place    | Note
-------+----------+-------------------------------------------
     0 | D:1      | evoluderxx the Troll Monk began the quest for the Orb.
     0 | D:1      | Reached XP level 1. HP: 22/22 MP: 0/0
   326 | D:1      | Reached XP level 2. HP: 29/29 MP: 1/1
   328 | D:1      | Found a faded altar of an unknown god.
   339 | D:1      | Prayed at the altar of an unknown god.
   339 | D:1      | Became a worshipper of Jiyva Juipp the Shapeless
   339 | D:1      | Reached * piety under Jiyva
   339 | D:1      | Reached ** piety under Jiyva
   456 | D:1      | Reached *** piety under Jiyva
   590 | D:1      | Gained mutation: You are strong-willed. (Will+) [Jiyva's
                  | grace]
   590 | D:1      | Gained mutation: You are highly strong-willed. (Will++)
                  | [Jiyva's grace]
   590 | D:1      | Gained mutation: You are extremely strong-willed. (Will+++)
                  | [Jiyva's grace]
   590 | D:1      | Gained mutation: Your melee attacks may engulf your foes in
                  | ooze. [Jiyva's grace]
  1071 | D:2      | Reached **** piety under Jiyva
  1159 | D:2      | Found a glowing golden altar of the Shining One.
  1489 | D:2      | Reached XP level 3. HP: 36/36 MP: 2/2
  1539 | D:3      | Found a hide-covered altar of Uskayaw.
  1642 | D:3      | Identified the +3 quarterstaff "Ywut" {drain, rElec rC+}
  1765 | D:3      | Reached ***** piety under Jiyva
  2102 | D:4      | Noticed a scorpion
  2108 | D:4      | Killed a scorpion
  2109 | D:4      | Reached skill level 4 in Unarmed Combat
  2109 | D:4      | Reached XP level 4. HP: 40/44 MP: 3/3
  2123 | D:4      | You fall into a shaft and drop 2 floors!
  2139 | D:6      | Found a glowing drain.
  2154 | Sewer    | Entered a sewer
  2211 | Sewer    | Noticed Pargi
  2218 | Sewer    | Killed Pargi
  2219 | Sewer    | Reached skill level 1 in Armour
  2219 | Sewer    | Reached XP level 5. HP: 48/53 MP: 4/4
  2281 | D:6      | Lost mutation: You are extremely strong-willed. (Will+++)
                  | [Jiyva's grace]
  2281 | D:6      | Gained mutation: Your movements are slightly less
                  | encumbered by armour. (ER -2) [Jiyva's grace]
  2281 | D:6      | Gained mutation: Your movements are less encumbered by
                  | armour. (ER -4) [Jiyva's grace]
  2281 | D:6      | Gained mutation: Your movements are significantly less
                  | encumbered by armour. (ER -6) [Jiyva's grace]
  2281 | D:6      | Gained mutation: You are resistant to electric shocks.
                  | (rElec) [Jiyva's grace]
  2315 | D:6      | Reached skill level 5 in Unarmed Combat
  2315 | D:6      | Reached XP level 6. HP: 61/61 MP: 5/5
  2450 | D:6      | Reached skill level 1 in Stealth
  2486 | D:6      | Reached XP level 7. HP: 63/67 MP: 6/6
  2509 | D:6      | Reached skill level 6 in Unarmed Combat
  2826 | D:6      | Reached ****** piety under Jiyva
  3204 | D:7      | Reached skill level 7 in Unarmed Combat
  3221 | D:7      | Reached XP level 8. HP: 67/75 MP: 7/7
  3337 | D:7      | Lost mutation: You are highly strong-willed. (Will++)
                  | [Jiyva's grace]
  3337 | D:7      | Lost mutation: You are strong-willed. (Will+) [Jiyva's
                  | grace]
  3337 | D:7      | Gained mutation: You are covered in slimy tendrils that may
                  | disarm your opponents. [Jiyva's grace]
  3337 | D:7      | Gained mutation: You expend magic power (3 MP) to
                  | strengthen your wands. [Jiyva's grace]
  3337 | D:7      | Gained mutation: You have acidic saliva. [Jiyva's grace]
  3337 | D:7      | Gained mutation: You are partially covered in iridescent
                  | scales. (AC +2) [Jiyva's grace]
  3717 | D:7      | Reached skill level 8 in Unarmed Combat
  3772 | D:7      | Found a stormy altar of Qazlal.
  4047 | D:8      | Reached skill level 5 in Dodging
  4053 | D:8      | Reached XP level 9. HP: 84/84 MP: 8/8
  4058 | D:8      | Reached skill level 9 in Unarmed Combat
  4100 | D:8      | Noticed an efreet
  4107 | D:8      | Killed an efreet
  4112 | D:8      | Noticed a two-headed ogre
  4116 | D:8      | Killed a two-headed ogre
  4117 | D:8      | Reached skill level 10 in Unarmed Combat
  4210 | D:8      | Noticed a two-headed ogre
  4216 | D:8      | Killed a two-headed ogre
  4217 | D:8      | Reached XP level 10. HP: 83/94 MP: 9/9
  4255 | D:8      | Reached skill level 11 in Unarmed Combat
  4624 | D:8      | Found Coru's Magic Scroll Boutique.
  4632 | D:8      | Bought a scroll of identify for 28 gold pieces
  4632 | D:8      | Bought a scroll of identify for 28 gold pieces
  4693 | D:8      | Found a staircase to the Lair.
  5181 | Lair:1   | Entered Level 1 of the Lair of Beasts
  5222 | Lair:1   | Gained mutation: You are mostly covered in iridescent
                  | scales. (AC +4) [Jiyva's grace]
  5222 | Lair:1   | Gained mutation: You are completely covered in iridescent
                  | scales. (AC +6) [Jiyva's grace]
  5222 | Lair:1   | Gained mutation: Your body has grown eyes which may confuse
                  | attackers. (Acc +3) [Jiyva's grace]
  5222 | Lair:1   | Gained mutation: Your body has grown many eyes which may
                  | confuse attackers. (Acc +5) [Jiyva's grace]
  5240 | Lair:1   | Noticed a boulder beetle
  5249 | Lair:1   | Killed a boulder beetle
  5254 | Lair:1   | Noticed Grum
  5259 | Lair:1   | Killed Grum
  5319 | Lair:1   | Noticed a five-headed hydra
  5324 | Lair:1   | Killed a seven-headed hydra
  5325 | Lair:1   | Reached skill level 12 in Unarmed Combat
  5352 | Lair:1   | Reached skill level 5 in Fighting
  5506 | Lair:1   | Noticed a cane toad
  5514 | Lair:1   | Noticed a boulder beetle
  5519 | Lair:1   | Killed a cane toad
  5520 | Lair:1   | Reached XP level 11. HP: 91/102 MP: 10/10
  5529 | Lair:1   | Killed a boulder beetle
  5823 | Lair:2   | Noticed a six-headed hydra
  5827 | Lair:2   | Reached skill level 13 in Unarmed Combat
  5837 | Lair:2   | Killed an 11-headed hydra
  5896 | Lair:2   | Noticed a skyshark
  5902 | Lair:2   | Killed a skyshark
  5959 | Lair:2   | Noticed Gastronok
  5964 | Lair:2   | Noticed a death yak
  5966 | Lair:2   | Noticed a death yak
  5966 | Lair:2   | Noticed a death yak
  5966 | Lair:2   | Noticed a death yak
  5970 | Lair:2   | Killed Gastronok
  5973 | Lair:2   | Noticed a death yak
  5974 | Lair:2   | Killed a death yak
  5975 | Lair:2   | Reached skill level 14 in Unarmed Combat
  5977 | Lair:2   | Killed a death yak
  5978 | Lair:2   | Reached skill level 5 in Armour
  5982 | Lair:2   | Killed a death yak
  5989 | Lair:2   | Killed a death yak
  5990 | Lair:2   | Reached XP level 12. HP: 23/113 MP: 11/11
  5993 | Lair:2   | HP: 3/113 [death yak (9)]
  5994 | Lair:2   | Killed a death yak
  6136 | Lair:2   | Lost mutation: You are completely covered in iridescent
                  | scales. (AC +6) [Jiyva's grace]
  6136 | Lair:2   | Lost mutation: You are resistant to electric shocks.
                  | (rElec) [Jiyva's grace]
  6136 | Lair:2   | Lost mutation: You have acidic saliva. [Jiyva's grace]
  6136 | Lair:2   | Gained mutation: You have sharp toenails. [Jiyva's grace]
  6136 | Lair:2   | Gained mutation: You have razor-sharp toenails. [Jiyva's
                  | grace]
  6136 | Lair:2   | Gained mutation: You have claws for feet. [Jiyva's grace]
  6136 | Lair:2   | Gained mutation: You have a small jelly attached to you
                  | that senses nearby items. [Jiyva's grace]
  6411 | Lair:3   | Reached skill level 15 in Unarmed Combat
  6505 | Lair:3   | Noticed Fannar
  6518 | Lair:3   | Killed Fannar
  6532 | Lair:3   | Noticed a seven-headed hydra
  6542 | Lair:3   | Killed an 11-headed hydra
  6870 | Lair:3   | Noticed Amaemon
  6874 | Lair:3   | Killed Amaemon
  6875 | Lair:3   | Reached skill level 16 in Unarmed Combat
  6886 | Lair:3   | Noticed Nergalle
  6896 | Lair:3   | Killed Nergalle
  6897 | Lair:3   | Reached XP level 13. HP: 92/122 MP: 12/12
  7006 | Lair:3   | Found a staircase to the Snake Pit.
  7257 | Lair:3   | Found a staircase to the Swamp.
  7646 | Lair:4   | Noticed Sonja
  7654 | Lair:4   | Slimified Sonja
  7654 | Lair:4   | Sonja changed into Sonja the endoplasm
  7654 | Lair:4   | Noticed Sonja
  7936 | Lair:4   | Lost mutation: Your body has grown many eyes which may
                  | confuse attackers. (Acc +5) [Jiyva's grace]
  7936 | Lair:4   | Lost mutation: You are covered in slimy tendrils that may
                  | disarm your opponents. [Jiyva's grace]
  7936 | Lair:4   | Lost mutation: Your movements are significantly less
                  | encumbered by armour. (ER -6) [Jiyva's grace]
  7936 | Lair:4   | Lost mutation: Your movements are less encumbered by
                  | armour. (ER -4) [Jiyva's grace]
  7936 | Lair:4   | Gained mutation: Your rubbery body absorbs attacks. (AC +1,
                  | EV +1) [Jiyva's grace]
  7936 | Lair:4   | Gained mutation: Your pliable body absorbs attacks. (AC +2,
                  | EV +2) [Jiyva's grace]
  7936 | Lair:4   | Gained mutation: Your gelatinous body deflects attacks. (AC
                  | +3, EV +3) [Jiyva's grace]
  7936 | Lair:4   | Gained mutation: You possess an exceptional clarity of
                  | mind. [Jiyva's grace]
  8111 | Lair:5   | Entered Level 5 of the Lair of Beasts
  8139 | Lair:5   | Reached skill level 17 in Unarmed Combat
  8139 | Lair:5   | a catoblepas changed into an azure jelly
  8139 | Lair:5   | Noticed an azure jelly
  8354 | Lair:5   | a death yak changed into an azure jelly
  8354 | Lair:5   | Noticed an azure jelly
  8360 | Lair:5   | Killed an azure jelly
  8391 | Lair:5   | Got an earthy gem with 645 turns to spare
  8395 | Lair:5   | Identified the +3 rapier of a ziggurat {heavy, rPois Int-5
                  | Dex+3}
  8407 | Lair:5   | Got the Parchment of Black Magic
  8509 | Lair:5   | Reached XP level 14. HP: 133/133 MP: 13/13
  8528 | Lair:5   | Reached skill level 5 in Stealth
  8581 | Lair:5   | Got Huagar's Anthology of a Million Wonders
  8615 | Lair:5   | Found a viscous altar of Jiyva.
  8616 | Lair:5   | Found a staircase to the Slime Pits.
  8622 | Slime:1  | Entered Level 1 of the Pits of Slime
  8622 | Slime:1  | Noticed an azure jelly
  8622 | Slime:1  | Noticed a rockslime
  8627 | Slime:2  | Noticed an acid blob
  8630 | Slime:2  | Noticed a formless jellyfish
  8653 | Slime:4  | Noticed a rockslime
  8656 | Slime:5  | Entered Level 5 of the Pits of Slime
  8656 | Slime:5  | Noticed an acid blob
  8699 | Slime:5  | Noticed an acid blob
  8707 | Slime:5  | Noticed a rockslime
  8718 | Slime:5  | Noticed a rockslime
  8718 | Slime:5  | Noticed an acid blob
  8719 | Slime:5  | Found a viscous altar of Jiyva.
  8724 | Slime:5  | Noticed an acid blob
  8728 | Slime:5  | Noticed a rockslime
  8742 | Slime:5  | Noticed an acid blob
  8744 | Slime:5  | Noticed an azure jelly
  8745 | Slime:5  | Noticed an acid blob
  8751 | Slime:5  | Noticed a quicksilver ooze
  8833 | Slime:5  | Noticed an acid blob
  8844 | Slime:5  | Identified the +9 hand axe of Blood-Lust {chaos, rElec
                  | rPois}
  8854 | Slime:5  | Identified the +1 battleaxe of the Reaper {freeze, rElec
                  | rF+ rCorr}
  8874 | Slime:5  | Identified the +8 shortbow "Avaliss" {flame, rElec Str-3
                  | Int+4 Stlth+}
  8893 | Slime:5  | Identified the ring of Ranujowk {rElec rC++ Will+ AC+4
                  | Dex-5 Stlth-}
  8896 | Slime:5  | Got a starry gem with 328 turns to spare
  8900 | Slime:5  | Got a slimy rune of Zot
  8934 | Slime:5  | Noticed the Royal Jelly
  8940 | Slime:5  | Noticed an acid blob
  9665 | Slime:4  | Noticed an acid blob
  9666 | Slime:4  | Noticed a quicksilver ooze
  9789 | Slime:4  | Noticed an azure jelly
  9935 | Slime:3  | Noticed an azure jelly
  9936 | Slime:3  | Noticed a quicksilver ooze
  9994 | Slime:3  | Noticed an acid blob
 10012 | Slime:3  | Noticed an acid blob
 10128 | Slime:3  | Noticed an azure jelly
 10219 | Slime:2  | Noticed a formless jellyfish
 10228 | Slime:2  | Noticed a quicksilver ooze
 10296 | Slime:2  | Noticed a quicksilver ooze
 10326 | Slime:1  | Noticed an acid blob
 10376 | Slime:1  | Noticed an azure jelly
 10511 | Slime:1  | Noticed an azure jelly
 10511 | Slime:1  | Noticed an azure jelly
 11052 | Swamp:1  | Entered Level 1 of the Swamp
 11105 | Swamp:1  | Reached skill level 18 in Unarmed Combat
 11202 | Swamp:1  | Noticed Mlioglotl
 11213 | Swamp:1  | Killed Mlioglotl
 11313 | Swamp:1  | Reached skill level 10 in Dodging
 11586 | Swamp:2  | HP: 6/133 [poisoned by a swamp dragon (blast of poison)]
 11588 | Swamp:2  | Slain by an eight-headed hydra

Illustrated notes

Levels and vault maps discovered:
D:1:      dpeg_arrival_stone_temple_mockup, layout_basic,
          dreamdust_ecumenical_altar_sealed_demon
D:2:      layout_loops_cross, basic_altar, dreamdust_mushroom_princess
D:3:      layout_basic, mainiacjoe_overflow_small_starburst
D:4:      layout_cave_pools, kennysheep_little_box, hex_medium,
          saegor_snake_ambush
D:6:      layout_basic, portal_sewer_entry_d
D:7:      layout_gridville, nicolae_qazlal_beasts_of_the_sky
D:8:      nzn_winding_woodlands_small [nzn_winding_woodlands_5x15_pool,
          nzn_winding_woodlands_center_pierced_h,
          nzn_winding_woodlands_5x15_eye], layout_layer_cave,
          david_lair_shrubbed, serial_shops, kennysheep_mini
Lair:1:   layout_gridlike, beast_lair_carwin_6, serial_bayou_shore_b, uniq_grum
Lair:2:   lemuel_slime, layout_hall_layers, infiniplex_staircase_pool,
          uniq_gastronok
Lair:3:   layout_misc_corridors, palyth_hydra_swamp_entry,
          alex1729_snake_entry_snake, grunt_megastairs_3, uniq_fannar,
          uniq_amaemon, uniq_nergalle
Lair:4:   layout_roguey, uniq_sonja
Lair:5:   grunt_lair_end_beastmaster, layout_gridlike, slime_entry_1,
          chequers_serial_rivers_micro_e, disabler_island, grunt_megastairs_4
Swamp:1:  layout_falls_marsh, evilmike_swamp_ruin_house_6, uniq_mlioglotl
Swamp:2:  layout_basic_swamp, gammafunk_ghost_necromancy,
          evilmike_swamp_ruin_wall, swamp_pool_3, nicolae_swamp_alligator_family
Slime:1:  layout_caves
Slime:2:  layout_caves
Slime:3:  layout_caves
Slime:4:  layout_caves
Slime:5:  slime_pit_nicolae_block_by_block

Skill      XL: |  1  2  3  4  5  6  7  8  9 10 11 12 13 14 |
---------------+-------------------------------------------+-----
Dodging        | 3 4 5 6 7 8 9 10 | 10.0
Unarmed Combat | 4 5 7 8 10 12 14 16 17 18 | 18.5
Fighting       | 3 4 5 6 7 |  7.5
Armour         | 1 2 3 4 5 6 7 |  7.0
Stealth        | 1 2 3 4 5 |  5.2

Action                     |  1- 3 |  4- 6 |  7- 9 | 10-12 | 13-15 || total
---------------------------+-------+-------+-------+-------+-------++-------
  Melee: Unarmed           |    65 |    50 |   144 |   291 |   257 ||   807
         Bite              |       |       |     6 |    24 |       ||    30
         Punch             |       |       |       |    22 |    35 ||    57
         Kick              |       |       |       |    39 |    97 ||   136
 Invoke: Slimify           |       |       |       |     2 |     5 ||     7
         Oozemancy         |       |       |       |     1 |     2 ||     3
    Use: Scroll            |       |       |       |     5 |     1 ||     6
         Potion            |       |       |       |     1 |       ||     1
   Stab: Distracted        |       |       |     1 |       |       ||     1
         Confused          |       |       |       |     6 |     9 ||    15
         Sleeping          |       |       |       |       |     2 ||     2
         Petrified         |       |       |       |       |     1 ||     1
 Armour: Robe              |    34 |    50 |    54 |       |       ||   138
         Acid dragon scale |       |       |    76 |   271 |   376 ||   723
  Dodge: Dodged            |    17 |    30 |    79 |   174 |   190 ||   490
